cohdb
Replays
Latest Replays
All Replays
Popular Replays
Top Player Replays
Match Explorer
How It Works
Community
CoH3 Stats
Reddit
Sign in to upload your games and track your stats! →
Sign in with Steam
1v1 Rangers vs Lone Guasta
Match 20766916
Overview
Messages
Build Orders
End
Scout Squad
Construct Barracks
Selects Advanced Infantry Battlegroup
Riflemen Squad
1⁄4-ton 4x4 Truck
Riflemen Squad
Engineer Squad
Selects Artillery Observers
Infantry Support Center
Construct Medical Station
Grenade Package
Selects Convert to Ranger Squad
Construct Motor Pool
Selects Designate Assault Position
M8 Greyhound Armored Car
Demolitions Package
Convert to Ranger Squad
Selects Ranger Weapon Training
Advanced Logistics
Survival Training
Riflemen Squad
Convert to Ranger Squad
M1 Anti-tank Gun Team
Selects M2A1 105mm Howitzer Emplacement
Selects 155mm Rapid Artillery Barrage
Construct Tank Depot
Convert to Ranger Squad
M4A1 Sherman Medium Tank
M4A1 Sherman Medium Tank
M4A1 Sherman Medium Tank
Thunderbird
Kwarzym
0
0
Comments
sign in to comment!
No comments posted yet!